 Dungeon Crawl Stone Soup version 0.27.1 (webtiles) character file.

Game seed: 2875425952847149453

10193 MacCMillion the Fighter (level 11, 0/114 (120) HPs)
             Began as a Troll Monk on Aug 26, 2021.
             Was a High Priest of Wu Jian.
             Killed from afar by Josephine (28 damage)
             ... with a ghostly fireball
             ... on level 10 of the Dungeon.
             The game lasted 00:42:05 (7850 turns).

MacCMillion the Fighter (Troll Monk)                Turns: 7850, Time: 00:42:06

HP:   0/114 (120)   AC:  7    Str: 24    XL:     11   Next: 33%
MP:   10/10         EV: 15    Int:  6    God:    Wu Jian [*****.]
Gold: 140           SH:  0    Dex: 12    Spells: 10/10 levels left

rFire    . . .     SeeInvis .     - Unarmed
rCold    . . .     Faith    .   (no shield)
rNeg     . . .     Spirit   .   a - +0 troll leather armour
rPois    +         Reflect  .   (helmet restricted)
rElec    .         Harm     .   n - +0 cloak
rCorr    .         Rampage  .   (gloves unavailable)
Will     .....                  (boots unavailable)
Stlth    +.........             H - amulet of regeneration
HPRegen  3.29/turn              g - +4 ring of evasion
MPRegen  0.12/turn              q - ring of poison resistance

@: slowed, drained, very slow
A: large, unfitting armour, claws 3, regeneration 1, shaggy fur 1, tough skin 1
a: Renounce Religion, Wall Jump, Serpent's Lash, Heavenly Storm


You were on level 10 of the Dungeon.
You worshipped Wu Jian.
Wu Jian was extremely pleased with you.
You visited 1 branch of the dungeon, and saw 11 of its levels.

You collected 620 gold pieces.
You spent 480 gold pieces at shops.

Inventory:

Missiles
 f - 75 poisoned darts (quivered)
 G - 4 large rocks
 I - 3 javelins
 J - 6 curare-tipped darts
 K - 103 stones
 L - 5 boomerangs
Armour
 a - a +0 troll leather armour (worn)
 n - a +0 cloak (worn)
 z - +0 steam dragon scales
Jewellery
 g - a +4 ring of evasion (left claw)
 q - a ring of poison resistance (right claw)
 s - a ring of positive energy
 v - a ring of flight
 B - an amulet of the acrobat
 H - an amulet of regeneration (around neck)
Wands
 i - a wand of iceblast (6)
 A - a wand of digging (6)
 F - a wand of acid (11)
Scrolls
 b - a scroll of enchant weapon
 j - 2 scrolls of noise
 m - a scroll of fog
 o - a scroll of torment
 p - 2 scrolls of magic mapping {unknown}
 u - a scroll of vulnerability {unknown}
 y - a scroll of amnesia {unknown}
 D - a scroll of enchant armour {unknown}
 E - a scroll of brand weapon {unknown}
Potions
 c - 5 potions of curing
 d - 3 potions of mutation
 e - a potion of attraction
 h - 3 potions of magic
 k - a potion of invisibility
 l - a potion of lignification {unknown}
 r - a potion of brilliance {unknown}
 t - 5 potions of degeneration
 w - a potion of experience {unknown}
 C - a potion of resistance {unknown}
 M - a potion of cancellation {unknown}
 N - a potion of haste {unknown}


   Skills:
 + Level 11.3 Fighting
 - Level 5.0 Throwing
 - Level 5.0 Dodging
 - Level 1.0 Stealth
 - Level 10.0 Unarmed Combat


You had 10 spell levels left.
You didn't know any spells.
Your spell library contained the following spells:

 Spells                   Type           Power      Damage    Failure   Level
 Shock                    Conj/Air       0%         1d3       50%         1
 Frozen Ramparts          Ice            0%         1d2       86%         3
 Swiftness                Air            0%         N/A       86%         3
 Airstrike                Air            0%         N/A       99%         4
 Ice Form                 Ice/Tmut       0%         N/A       99%         4
 Summon Ice Beast         Ice/Summ       0%         N/A       99%         4


Dungeon Overview and Level Annotations

Branches:
Dungeon (11/15)            Temple (0/1) D:5            Lair (0/6) D:9
    Orc: D:9-12

Altars:
Kikubaaqudgha
Wu Jian
Yredelemnul

Shops:
D:7 =

Annotations:
D:7 1 runed translucent door, Crazy Yiuf
D:9 3 runed translucent doors, Malachi's ghost, novice DDNe
D:10 Josephine


Innate Abilities, Weirdness & Mutations

You are too large for most types of armour.
You have claws for hands.
Your natural rate of healing is unusually fast.
You are covered in fur. (AC +1)
You have tough skin. (AC +1)


Message History

Josephine the Decaying Necromancer comes into view.
She is wielding a +0 dagger.
Okay, then.
As you read the scroll labelled MYSINE ELUFITS, it crumbles to dust.
It is a scroll of enchant weapon.
You aren't carrying any weapons that can be enchanted.
Something hits you!
As you read the scroll labelled GUIDWI OJOLOCH, it crumbles to dust.
The scroll dissolves into smoke.
It was a scroll of fog.
You feel less exhausted. Something hits you but does no damage.
Something hits you but does no damage.
You closely miss something. Something hits you but does no damage.
Something hits you but does no damage.
You spin and attack the wraith.
You barely miss the wraith. Something hits you but does no damage.
You completely miss Josephine. Something hits you.
You barely miss Josephine. Josephine hits you but does no damage.
Something hits you. The wraith hits you. The wraith drains your vigour!
You feel yourself slow down.
You scratch something. Something hits you but does no damage.
Something hits you. Josephine hits you with a +0 dagger!
The wraith closely misses you.
Something hits you. x2; Josephine hits you with a +0 dagger!
* * * LOW HITPOINT WARNING * * *
Things that are here:
a +0 leather armour; a +0 short sword You feel much better.
Something hits you. The wraith closely misses you.
Something hits you but does no damage. Josephine hits you but does no damage.
The wraith misses you.
Okay, then.
As you read the scroll labelled RIFOWU MEIWAUZ, it crumbles to dust.
Your body is wracked with pain!
* * * LOW HITPOINT WARNING * * *
Josephine convulses!
Something is bathed in an unholy light!
It was a scroll of torment.
Something hits you!
* * * LOW HITPOINT WARNING * * *
Josephine casts a spell at you.
The ghostly flame explodes!
The ghostly fireball engulfs you!!
You feel drained.
You die...

.. ... ......... ... #.#
####....# .... #.######
#.##.# .....
##......###.#..#
......###.............##
..........).........####
########)).......<### #
####[W.))......# #
#...@@.........# #
#.#>[.{........# #
#W#.##........## #
###...#§§§.......# #
#....##§§§..<....# #
#######§§§.......# #
#...§......#
#^.........#
##.......)##


You could see Josephine and a wraith.

Vanquished Creatures
  2 two-headed ogres
  A manticore (D:10)
  A cyclops (D:9)
  A kobold demonologist (D:9)
  An efreet (D:9)
  2 tengu conjurers (D:9)
  A troll (D:5)
  Prince Ribbit (D:5)
  A shadow (D:9)
  5 wraiths
  A wyvern (D:9)
  6 yaks
  3 vampire mosquitoes
  A steam dragon (D:8)
  A water moccasin (D:5)
  2 ice beasts (D:6)
  3 orc warriors
  A black bear (D:8)
  2 sky beasts
  A necrophage (D:4)
  3 ogres
  8 centaurs
  A phantom (D:5)
  4 kobold brigands
  5 bullfrogs
  A gnoll sergeant (D:6)
  2 scorpions
  A water moccasin zombie (D:7)
  A wyvern skeleton (D:5)
  2 killer bees (D:9)
  8 wights
  7 howler monkeys
  5 centaur zombies
  2 bullfrog zombies (D:5)
  A human zombie (D:7)
  A jelly (D:6)
  2 hounds
  An orc priest (D:9)
  An iguana (D:6)
  7 orc wizards
  2 killer bee zombies
  A hound zombie (D:5)
  A mummy (D:7)
  4 howler monkey zombies
  5 gnolls
  5 adders
  A white imp (D:7)
  An ufetubus (D:5)
  An adder skeleton (D:5)
  2 worms
  2 dart slugs (D:1)
  28 orcs
  7 ball pythons
  5 endoplasms
  6 giant cockroaches
  12 hobgoblins
  13 jackals
  26 kobolds
  8 quokkas
  8 bats
  5 goblins
  10 rats
253 creatures vanquished.

Vanquished Creatures (others)
  4 plants (D:9)
4 creatures vanquished.

Grand Total: 257 creatures vanquished

Notes
Turn   | Place    | Note
-------+----------+-------------------------------------------
     0 | D:1      | MacCMillion the Troll Monk began the quest for the Orb.
     0 | D:1      | Reached XP level 1. HP: 22/22 MP: 0/0
    94 | D:1      | Reached XP level 2. HP: 29/29 MP: 1/1
   256 | D:1      | Reached XP level 3. HP: 36/36 MP: 2/2
   284 | D:1      | Found a faded altar of an unknown god.
   422 | D:1      | Became a worshipper of the Wu Jian Council
   422 | D:1      | Reached * piety under Wu Jian
   422 | D:1      | Reached ** piety under Wu Jian
   845 | D:2      | Reached *** piety under Wu Jian
   919 | D:2      | Reached skill level 3 in Fighting
  1070 | D:2      | Reached XP level 4. HP: 42/45 MP: 3/3
  1107 | D:2      | Found a basalt altar of Yredelemnul.
  1795 | D:3      | Noticed a scorpion
  1809 | D:3      | Killed a scorpion
  1810 | D:3      | Reached skill level 5 in Unarmed Combat
  1810 | D:3      | Reached XP level 5. HP: 31/53 MP: 4/4
  1977 | D:4      | Noticed an ogre
  2001 | D:4      | Killed an ogre
  2072 | D:4      | Reached XP level 6. HP: 62/62 MP: 5/5
  2119 | D:4      | Reached **** piety under Wu Jian
  2217 | D:4      | Reached skill level 4 in Fighting
  2705 | D:5      | Entered Level 5 of the Dungeon
  2748 | D:5      | Found a staircase to the Ecumenical Temple.
  2750 | D:5      | Reached XP level 7. HP: 69/71 MP: 6/6
  2772 | D:5      | Noticed Prince Ribbit
  2782 | D:5      | Killed Prince Ribbit
  3006 | D:5      | Noticed a troll
  3313 | D:5      | Reached skill level 5 in Fighting
  3313 | D:5      | Reached XP level 8. HP: 76/80 MP: 7/7
  4135 | D:6      | Reached skill level 6 in Fighting
  4645 | D:7      | Found Ustreedad's Jewellery Shop.
  4691 | D:7      | Reached skill level 10 in Unarmed Combat
  4719 | D:7      | Reached XP level 9. HP: 89/89 MP: 8/8
  4804 | D:7      | Found a runed translucent door.
  4805 | D:7      | Noticed Crazy Yiuf
  4995 | D:7      | Reached ***** piety under Wu Jian
  5009 | D:7      | Reached skill level 7 in Fighting
  5059 | D:7      | Found an ancient bone altar of Kikubaaqudgha.
  5496 | D:8      | Reached skill level 8 in Fighting
  5588 | D:5      | Killed a troll
  5768 | D:8      | Reached skill level 9 in Fighting
  5929 | D:8      | Reached skill level 1 in Throwing
  6014 | D:8      | Noticed a two-headed ogre
  6018 | D:8      | Killed a two-headed ogre
  6019 | D:8      | Reached XP level 10. HP: 87/107 MP: 9/9
  6120 | D:8      | You fall into a shaft and drop 3 floors!
  6120 | D:11     | Noticed a boulder beetle
  6136 | D:10     | Entered Level 10 of the Dungeon
  6486 | D:9      | Found a runed translucent gate.
  6486 | D:9      | Found a runed translucent gate.
  6487 | D:9      | Found a runed translucent gate.
  6488 | D:9      | Noticed Malachi's ghost (novice DDNe)
  6489 | D:9      | Noticed a nine-headed hydra
  6490 | D:9      | Noticed a nine-headed hydra
  6622 | D:9      | Identified the +9 rapier "Kiamni Ixale" {vorpal, Str+2}
  6642 | D:9      | Noticed a cyclops
  6662 | D:8      | Reached skill level 5 in Throwing
  6681 | D:9      | Killed a cyclops
  6736 | D:7      | Bought an amulet of regeneration for 480 gold pieces
  6834 | D:9      | Found a staircase to the Lair.
  6854 | D:9      | Reached skill level 10 in Fighting
  6907 | D:9      | Noticed a two-headed ogre
  6908 | D:9      | Noticed a four-headed hydra
  6931 | D:9      | Killed a two-headed ogre
  6932 | D:9      | Reached skill level 5 in Dodging
  6932 | D:9      | Reached XP level 11. HP: 119/119 MP: 10/10
  7774 | D:10     | Reached skill level 11 in Fighting
  7838 | D:10     | Noticed Josephine
  7850 | D:10     | Killed from afar by Josephine

Illustrated notes

Levels and vault maps discovered:
D:1:      nzn_arrival_depleted_hourglass, layout_loops_ring,
          ebering_ecumenical_altar_hall
D:2:      layout_loops_ring, basic_altar
D:3:      layout_basic, kennysheep_generic_room_16
D:4:      layout_basic
D:5:      layout_loops_ring, minmay_temple_entry_glass, sigmund_army,
          uniq_prince_ribbit1
D:6:      layout_layer_cave
D:7:      layout_basic, lemuel_mausoleum_altar_kikubaaqudgha, serial_shops,
          nicolae_lakefront_shop, uniq_crazy_yiuf_cottage
D:8:      layout_gridville
D:9:      minmay_the_grid_octo_tiled_octocenter
          [minmay_the_grid_octo_fan_narrow,
          minmay_the_grid_octo_tetromino_candy, minmay_the_grid_octo_focus,
          minmay_the_grid_octo_checkerflower,
          minmay_the_grid_octo_prize_single_spiral,
          minmay_the_grid_square_5x5_empty, minmay_the_grid_square_5x5_plus,
          minmay_the_grid_square_5x5_checkered, minmay_the_grid_square_5x5_six],
          layout_loops_cross, lair_entry_dummy, gammafunk_ghost_hydra_chop,
          amcnicky_mini_corridor_feature
D:10:     layout_rooms, uniq_josephine
D:11:     layout_small_grid, nzn_sisyphean_effort, uniq_maurice

Skill      XL: |  1  2  3  4  5  6  7  8  9 10 11 |
---------------+----------------------------------+-----
Unarmed Combat | 4 5 6 8 10 | 10.0
Fighting       | 3 4 5 6 9 10 11 | 11.3
Throwing       | 2 5 |  5.0
Dodging        | 3 5 |  5.0
Stealth        | |  1.0

Action                   |  1- 3 |  4- 6 |  7- 9 | 10-12 || total
-------------------------+-------+-------+-------+-------++-------
Melee: Unarmed           |    96 |   141 |   300 |   246 ||   783
       Punch             |     1 |     4 |     9 |    10 ||    24
Throw: Dart              |       |       |       |     4 ||     4
Invok: Lunge             |     7 |    20 |    35 |    11 ||    73
       Whirlwind         |     2 |    13 |    30 |    63 ||   108
       Serpent's Lash    |       |       |     1 |     2 ||     3
 Abil: Wall Jump         |     2 |     1 |       |     8 ||    11
  Use: Scroll            |       |     5 |     3 |     3 ||    11
       Potion            |       |       |       |     2 ||     2
 Stab: Distracted        |     1 |       |     1 |       ||     2
       Sleeping          |     3 |     3 |     2 |       ||     8
Armor: Robe              |    28 |    25 |    39 |       ||    92
       Troll leather arm |       |       |    17 |    68 ||    85
       Steam dragon scal |       |       |     1 |       ||     1
       Skin              |       |       |     1 |       ||     1
Dodge: Dodged            |    33 |    54 |   183 |   217 ||   487
